 Dungeon Crawl Stone Soup version 0.24.0-123-gd5b16e6ec5 (webtiles) character file.

Game seed: 3522972174540226799, levelgen mode: deterministic

285 Peloso the Shield-Bearer (level 6, 0/58 HPs)
             Began as a Minotaur Fighter on Jan 31, 2020.
             Succumbed to an orc wizard's poison
             ... on level 4 of the Dungeon.
             The game lasted 00:05:58 (2513 turns).

Peloso the Shield-Bearer (Minotaur Fighter)         Turns: 2513, Time: 00:05:59

Health: 0/58       AC: 12    Str: 26    XL:     6   Next: 7%
Magic:  14/14      EV:  6    Int:  5    God:
Gold:   111        SH: 10    Dex: 11    Spells: 5/5 levels left

rFire    . . .     SeeInvis .   a - +0 long sword
rCold    . . .     Gourm    .   c - +0 shield
rNeg     . . .     Faith    .   g - +0 chain mail
rPois    .         Spirit   .   (helmet restricted)
rElec    .         Reflect  .   e - +0 cloak
rCorr    .         Harm     .   l - +0 pair of gloves
MR       +....                  (no boots)
Stlth    ..........             (no amulet)
HPRegen  0.19/turn              m - ring of magical power
MPRegen  0.14/turn              (no ring)

@: mighty, lethally poisoned (0 -> -8), flying
A: retaliatory headbutt, horns 2, magic resistance 1, robust 1
a: no special abilities


You were on level 4 of the Dungeon.
You were not hungry.

You visited 1 branch of the dungeon, and saw 4 of its levels.

You collected 111 gold pieces.

Inventory:

Hand Weapons
 a - a +0 long sword (weapon)
Armour
 b - a +0 scale mail
 c - a +0 shield (worn)
 e - a +0 cloak (worn)
 g - a +0 chain mail (worn)
 l - a +0 pair of gloves (worn)
Jewellery
 m - a ring of magical power (left hand)
Wands
 s - a wand of flame (6)
Scrolls
 h - 2 scrolls of identify
 i - a scroll of teleportation
 j - a scroll of immolation {unknown}
 k - 2 scrolls of magic mapping {unknown}
 o - 3 scrolls of enchant armour {unknown}
 q - 2 scrolls of enchant weapon
Potions
 d - a potion of might
Comestibles
 f - 7 rations
 t - 2 chunks of flesh


   Skills:
 + Level 4.3 Fighting
 + Level 5.1 Long Blades
 + Level 5.1 Armour
 + Level 0.4 Dodging
 + Level 0.1 Stealth
 + Level 5.1 Shields


You had 5 spell levels left.
You didn't know any spells.
Your spell library was empty.

Dungeon Overview and Level Annotations

Branches:
Dungeon (4/15)             Temple (0/1) D:4

Altars:
Zin


Innate Abilities, Weirdness & Mutations

You reflexively headbutt those who attack you in melee.
You have a pair of horns on your head.
You are resistant to hostile enchantments. (MR+)
You are robust. (+10% HP)


Message History

You feel very mighty all of a sudden.
* * * LOW HITPOINT WARNING * * *
You feel sick.
You feel very buoyant.
You fly up into the air.
* * * LOW HITPOINT WARNING * * *
You feel sick.
Okay, then.
* * * LOW HITPOINT WARNING * * *
You feel sick.
Okay, then.
* * * LOW HITPOINT WARNING * * *
You feel sick.
* * * LOW HITPOINT WARNING * * *
You feel sick.
Sorry, you're not good enough to have a special ability.
* * * LOW HITPOINT WARNING * * *
You feel sick.
Unknown command.
You die...

#########
#<......#.......#
#.......#.......#
#.......#.......#
#.......#.......#
#.....(.#.......#
#.......#.......#
####'#####......#
##.......##.....@#
.#........#......#
.#........#......#
##........#......#
.#........#......#
.#........#......#
_#........'......#
.##########......#
.#.......##......#


There were no monsters in sight!

Vanquished Creatures
  An ogre (D:4)
  An orc priest (D:4)
  A bullfrog skeleton (D:4)
  2 orc wizards (D:4)
  An adder (D:2)
  A worm (D:2)
  A dart slug (D:1)
  2 leopard geckos (D:2)
  5 orcs (D:4)
  7 bats
  8 giant cockroaches
  5 goblins
  4 hobgoblins
  3 jackals (D:2)
  A quokka (D:2)
  2 ball pythons
  6 frilled lizards (D:2)
  8 kobolds
  10 rats
69 creatures vanquished.

Notes
Turn   | Place    | Note
-------+----------+-------------------------------------------
     0 | D:1      | Peloso the Minotaur Fighter began the quest for the Orb.
     0 | D:1      | Reached XP level 1. HP: 19/19 MP: 0/0
   119 | D:1      | Gained mutation: You are resistant to hostile enchantments.
                  | (MR+) [potion of mutation]
   119 | D:1      | Gained mutation: You are robust. (+10% HP) [potion of
                  | mutation]
   125 | D:1      | You are sucked into a shaft and drop 1 floor!
   160 | D:2      | Reached XP level 2. HP: 29/29 MP: 1/1
   276 | D:2      | Reached XP level 3. HP: 29/36 MP: 2/2
  1532 | D:3      | Reached XP level 4. HP: 43/44 MP: 3/3
  2122 | D:4      | Reached XP level 5. HP: 28/50 MP: 4/4
  2280 | D:4      | Noticed an ogre
  2287 | D:4      | Killed an ogre
  2287 | D:4      | Reached skill level 5 in Armour
  2384 | D:4      | Found a glowing silver altar of Zin.
  2438 | D:4      | Reached skill level 5 in Shields
  2473 | D:4      | Found a staircase to the Ecumenical Temple.
  2498 | D:4      | Reached skill level 5 in Long Blades
  2498 | D:4      | Reached XP level 6. HP: 26/58 MP: 5/5
  2511 | D:4      | HP: 2/58 [poisoned by an orc wizard]
  2513 | D:4      | Succumbed to an orc wizard's poison

Levels and vault maps discovered:
D:1:      minmay_arrival_up_and_down, layout_basic
D:2:      layout_basic
D:3:      layout_basic, first_ration
D:4:      layout_gridville, overflow_temple_1_default,
          lemuel_coloured_pillars_altar, minmay_temple_entry_junction,
          kennysheep_generic_room_4

Skill      XL: |  1  2  3  4  5 |
---------------+----------------+-----
Armour         | 4 5 |  5.1
Shields        | 4 5 |  5.1
Long Blades    | 3 4 5 |  5.1
Fighting       | 4 |  4.3
Dodging        | |  0.4
Stealth        | |  0.1

Action                   |  1- 3 |  4- 6 || total
-------------------------+-------+-------++-------
Melee: Long sword        |   105 |    49 ||   154
       Headbutt          |    18 |     8 ||    26
Evoke: Wand              |       |     1 ||     1
  Use: Potion            |     3 |     8 ||    11
       Scroll            |       |     2 ||     2
  Eat: Chunk             |     2 |     3 ||     5
Armor: Chain mail        |    51 |    37 ||    88
Dodge: Dodged            |    28 |    16 ||    44
Block: Shield            |    46 |    37 ||    83
       Rpst.: Long sword |     7 |     4 ||    11
